 Dungeon Crawl Stone Soup version 0.24-a0-203-gf0bc1e9 (webtiles) character file.

Game seed: 2427192672941049533

55 Borgoz the Ducker (level 3, 0/27 HPs)
             Began as a Demonspawn Gladiator on Mar 27, 2019.
             Killed by nerve-wracking pain
             ... invoked by Jessica
              (13 damage)
             ... on level 2 of the Dungeon.
             The game lasted 00:01:48 (1019 turns).

Borgoz the Ducker (Demonspawn Gladiator)            Turns: 1019, Time: 00:01:49

Health: 0/27       AC:  4    Str: 14    XL:     3   Next: 67%
Magic:  3/3        EV: 13    Int:  9    God:
Gold:   11         SH:  0    Dex: 15    Spells: 2/2 levels left

rFire    . . .     SeeInvis .   a - +0 rapier
rCold    . . .     Gourm    .   (no shield)
rNeg     . . .     Faith    .   b - +0 leather armour
rPois    .         Spirit   .   c - +0 helmet
rElec    .         Reflect  .   (no cloak)
rCorr    .         Harm     .   (no gloves)
MR       .....                  (no boots)
Stlth    +.........             (no amulet)
HPRegen  0.09/turn              (no ring)
MPRegen  0.08/turn              (no ring)

@: lethally poisoned (0 -> -1)
A: spiny 1
a: no special abilities


You were on level 2 of the Dungeon.
You were not hungry.

You visited 1 branch of the dungeon, and saw 2 of its levels.

You collected 11 gold pieces.

Inventory:

Hand Weapons
 a - a +0 rapier (weapon)
Missiles
 d - 3 throwing nets (quivered)
Armour
 b - a +0 leather armour (worn)
 c - a +0 helmet (worn)
 g - a +0 helmet
Scrolls
 e - 2 scrolls of enchant weapon {unknown}
 h - a scroll of magic mapping {unknown}
 i - a scroll of teleportation {unknown}
 j - a scroll of immolation {unknown}
 l - 2 scrolls of identify {unknown}
Comestibles
 f - 2 rations
 k - a chunk of flesh


   Skills:
 + Level 2.2 Fighting
 * Level 3.1 Short Blades
 - Level 1.7 Throwing
 * Level 1.3 Armour
 * Level 3.2 Dodging
 + Level 0.5 Stealth


You had 2 spell levels left.
You didn't know any spells.
Your spell library was empty.

Dungeon Overview and Level Annotations

Branches:
Dungeon (2/15)

Altars:

Annotations:
D:2 Jessica


Innate Abilities, Weirdness & Mutations

You are partially covered in sharp spines.


Message History

The ball python is moderately wounded.
The ball python is struck by your spines.
You kill the ball python!
The frilled lizard bites you but does no damage.
Jessica hits you with a +7 club.
There is an open door, spattered with blood here.
You see here an adder corpse.
Your leather armour prevents you from hitting the frilled lizard.
You feel sick.
The frilled lizard is struck by your spines.
You kill the frilled lizard!
Jessica hits you with a +7 club.
You closely miss Jessica. Jessica closely misses you.
You hit Jessica.
Jessica is moderately wounded.
You hit Jessica.
Jessica is heavily wounded.
Jessica casts a spell at you. Pain shoots through your body!
You die...

#.......##.#....###
#.......##.#.#..#
##########.#....#
...... #.#<#.#####
...... #.#.......#
......####.#.#.....#
........##.........#
........##.....÷...#
.......†@..........#
#.....@#####.#.^......
#..........#.##.......
#..........#.##.......#
#.......S..#. #.......#
#.......!.?#. #.......#
#............ .......
#.............
#.........@.##


You could see Jessica.

Vanquished Creatures
  An adder (D:2)
  An ooze (D:1)
  A dart slug (D:1)
  2 leopard geckos (D:1)
  A ball python (D:2)
  3 giant cockroaches (D:1)
  5 goblins (D:1)
  3 hobgoblins (D:1)
  5 jackals
  4 bats (D:1)
  2 frilled lizards
  3 kobolds (D:1)
  4 rats
35 creatures vanquished.

Notes
Turn   | Place    | Note
-------+----------+-------------------------------------------
     0 | D:1      | Borgoz the Demonspawn Gladiator began the quest for the
                  | Orb.
     0 | D:1      | Reached XP level 1. HP: 16/16 MP: 1/1
   147 | D:1      | Gained mutation: You are partially covered in sharp spines.
                  | [demonic ancestry]
   147 | D:1      | Reached XP level 2. HP: 15/22 MP: 2/2
   556 | D:1      | Reached skill level 1 in Armour
   686 | D:1      | Reached XP level 3. HP: 27/27 MP: 3/3
  1001 | D:2      | Noticed Jessica
  1019 | D:2      | Killed from afar by Jessica

Levels and vault maps discovered:
D:1:      nzn_arrival_water_spiral, layout_loops_ring
D:2:      layout_basic, first_ration, chequers_ecumenical_altar_island,
          uniq_jessica

Skill      XL: |  1  2 |
---------------+-------+-----
Short Blades   | 3 |  3.1
Armour         | 1 |  1.3
Dodging        | 3 |  3.2
Fighting       | |  2.2
Throwing       | |  1.7
Stealth        | |  0.5

Action                   || total
-------------------------++-------
Melee: Rapier            ||    81
 Stab: Sleeping          ||     1
Armor: Leather armour    ||    19
Dodge: Dodged            ||    51

Table legend:
 A = Non-vault XP
 B = Vault XP
 C = Vault XP percentage of total XP
 D = Non-vault monster count
 E = Vault monster count
 F = Vault count percentage of total count
                 A         B        C        D         E       F
            +---------+---------+-------+---------+---------+-------
      Total |      79 |       0 |   0.0 |      35 |       0 |   0.0
            +---------+---------+-------+---------+---------+-------
        D:1 |      56 |       0 |   0.0 |      28 |       0 |   0.0
        D:2 |      23 |       0 |   0.0 |       7 |       0 |   0.0
            +---------+---------+-------+---------+---------+-------
